Map: Deathaura LE

Players

A.I. 1 (Very Easy) - Winner!

  • Race: Zerg Zerg
  • Spawn Location: 5:00

PhotonMan

  • Race: Terran Terran
  • League: Diamond
  • Spawn Location: 11:00

VOD

Have the link to the VOD?

Description

Time

  • Played on: March 18, 2021, 4:56 p.m.
  • Length: 4:54
Show
View Real Time Build Order
Export as new Build Order

A.I. 1 (Very Easy) Zerg - Winner!

Build Orders: Pool Only 

Get SALT Encoding   

  12  0:01  Drone  
  13  0:12  Overlord  
  13  0:16  Drone  
  14  0:35  Spawning Pool  
  13  0:37  Extractor  
  13  0:39  Drone  
  13  0:46  Drone  
  14  0:51  Overlord  
  14  1:22  Queen  
  14  1:23  Zergling x2  
  17  1:31  Roach Warren  
  16  1:32  Extractor  
  16  1:37  Drone  
  16  1:44  Drone  
  17  1:51  Zergling x2  
  18  2:03  Drone  
  19  2:10  Drone  
  20  2:19  Zergling x2  
  20  2:20  Drone  
  22  2:29  Overlord  
  22  2:32  Drone  
  23  2:40  Drone  
  24  2:47  Roach, Drone  
Show
View Real Time Build Order
Export as new Build Order

PhotonMan Terran 

Build Orders: Reaper Expand 

Get SALT Encoding   

  12  0:00  SCV  
  13  0:13  SCV  
  14  0:17  Supply Depot  
  14  0:25  SCV  
  15  0:39  SCV  
  15  0:40  Barracks  
  16  0:45  Refinery  
  16  0:51  SCV  
  17  1:03  SCV  
  18  1:15  SCV  
  19  1:28  Orbital Command  
  19  1:30  Reaper  
  20  1:38  Command Center  
  20  1:46  Supply Depot  
  20  1:54  SCV  
  20  2:00  Barracks  
  21  2:02  Marine  
  21  2:06  SCV  
  23  2:13  Refinery  
  23  2:18  SCV  
  23  2:21  Barracks Reactor  
  24  2:31  SCV  
  25  2:42  Factory  
  25  2:43  SCV  
  26  2:49  Barracks Tech Lab  
  26  2:54  Orbital Command  
  26  2:55  SCV  
  26  2:58  Supply Depot  
  27  3:07  SCV  
  27  3:10  Marine x3  
  27  3:12  Stimpack  
  31  3:19  SCV  
  32  3:22  SCV  
  33  3:28  Marine x3  
  33  3:31  SCV  
  33  3:32  Starport  
  33  3:34  SCV, Factory Reactor  
  38  3:38  Supply Depot  
  38  3:43  SCV  
  38  3:46  SCV, Marine x3  
  44  3:55  SCV  
  44  3:58  SCV  
  44  4:02  Supply Depot  
  45  4:03  Marine  
  45  4:04  Marine x2  
  45  4:07  SCV  
  49  4:10  SCV  
  37  4:17  Medivac x2  
  50  4:21  SCV, Marine x2  
  50  4:22  SCV, Marine  
  59  4:24  Supply Depot  
  59  4:33  SCV  
  59  4:34  SCV  
  59  4:35  Command Center  
  65  4:46  Supply Depot  
Tags
 
Add a new tag
Caveats
  • Supply blocks, unpowered buildings, or Contaminate may cause inaccurate times.
  • Supply counts are checked every 10 seconds.